 Dungeon Crawl Stone Soup version 0.22.1-2-g9c5b331 (webtiles) character file.

214 MalarOregon the Ducker (level 5, -2/39 HPs)
             Began as a Merfolk Ice Elementalist on Nov 28, 2018.
             Slain by Edmund
             ... wielding a +1 dire flail of pain
              (4 damage)
             ... on level 4 of the Dungeon.
             The game lasted 00:06:31 (3803 turns).

MalarOregon the Ducker (Merfolk Ice Elementalist)   Turns: 3803, Time: 00:06:32

Health: -2/39      AC:  4    Str: 12    XL:     5   Next: 92%
Magic:  0/8        EV: 14    Int: 15    God:
Gold:   137        SH:  0    Dex: 15    Spells: 2/9 levels left

rFire    . . .     SeeInvis .   p - +0 spear
rCold    . . .     Gourm    .   (no shield)
rNeg     . . .     Faith    .   l - +0 leather armour
rPois    .         Spirit   .   (no helmet)
rElec    .         Reflect  .   c - +0 cloak
rCorr    .         Harm     .   (no gloves)
MR       .....                  (no boots)
Stlth    ++........             (no amulet)
HPRegen  0.13/turn              h - +4 ring of strength
MPRegen  0.11/turn              (no ring)

@: no status effects
A: change form in water, swift swim, stealthy swim
a: no special abilities


You were on level 4 of the Dungeon.
You were not hungry.

You visited 1 branch of the dungeon, and saw 4 of its levels.

You collected 137 gold pieces.

Inventory:

Hand Weapons
 p - a +0 spear (weapon)
   (You took it off a gnoll on level 3 of the Dungeon)
Armour
 c - a +0 cloak (worn)
   (You found it on level 1 of the Dungeon)
 l - a +0 leather armour (worn)
   (You found it on level 1 of the Dungeon)
Jewellery
 h - a +4 ring of strength (left hand)
   (You found it on level 1 of the Dungeon)
 q - a +2 ring of dexterity {unknown}
   (You found it on level 3 of the Dungeon)
Wands
 t - a wand of flame (31)
   (You found it on level 4 of the Dungeon)
Scrolls
 a - 9 scrolls of identify {unknown}
 b - a scroll of teleportation {unknown}
 k - 3 scrolls of magic mapping {unknown}
 s - a scroll of amnesia {unknown}
Potions
 d - a potion of curing {unknown}
 f - a potion of flight {unknown}
 i - a potion of ambrosia {unknown}
 j - a potion of mutation {unknown}
 m - a potion of cancellation {unknown}
 n - a potion of berserk rage {unknown}
 o - a potion of haste {unknown}
 r - a potion of might {unknown}
Comestibles
 e - 9 rations {!d}
 g - 5 chunks of flesh


   Skills:
 * Level 2.6 Fighting
 * Level 1.9 Polearms
 * Level 1.6 Armour
 * Level 4.5 Dodging
 - Level 2.1 Stealth
 + Level 2.5 Spellcasting
 + Level 0.8 Conjurations
 + Level 3.8 Ice Magic


You had 2 spell levels left.
You knew the following spells:

 Your Spells              Type           Power        Failure   Level  Hunger
a - Freeze                Ice            ##..         5%          1    #......
c - Throw Icicle          Conj/Ice       #.......     71%         4    #####..
x - Throw Frost           Conj/Ice       #.....       16%         2    ###....

Your spell library contained the following spells:

 Spells                   Type           Power        Failure   Level  Hunger
 Ozocubu's Armour         Chrm/Ice       #.......     36%         3    ###....
 Summon Ice Beast         Ice/Summ       #.......     77%         4    #####..


Dungeon Overview and Level Annotations

Branches:
Dungeon (4/15)
 Temple: D:4-7

Altars:
Okawaru

Annotations:
D:4 Edmund


Message History

Found 7 gold pieces.
Found 28 stones.
s - a scroll labeled LOIMUL KISOSO You now have 137 gold pieces (gained 7).
Found a stone staircase leading up.
Edmund the Younger comes into view.
He is wielding a dire flail of pain.
Edmund shouts!
Found a ration.
Aim: Edmund, wielding a dire flail of pain and wearing a chain mail You freeze Edmund.
Edmund closely misses you.
Aim: Edmund, wielding a dire flail of pain and wearing a chain mail (lightly You freeze Edmund.
Edmund hits you with a dire flail of pain.
Aim: Edmund, wielding a dire flail of pain and wearing a chain mail (moderately You freeze Edmund.
Edmund hits you with a dire flail of pain.
You writhe in agony.
Aim: Edmund, wielding a dire flail of pain and wearing a chain mail (moderately You freeze Edmund.
Edmund closely misses you.
Aim: Edmund, wielding a dire flail of pain and wearing a chain mail (heavily You freeze Edmund.
Edmund hits you with a dire flail of pain!
Aim: Edmund, wielding a dire flail of pain and wearing a chain mail (heavily You freeze Edmund.
Edmund says, "What use are spells, anyway?"
Edmund hits you with a dire flail of pain.
* * * LOW HITPOINT WARNING * * *
Unknown command.
Aim: Edmund, wielding a dire flail of pain and wearing a chain mail (heavily You freeze Edmund.
Edmund hits you with a dire flail of pain.
* * * LOW HITPOINT WARNING * * *
Aim: Edmund, wielding a dire flail of pain and wearing a chain mail (heavily You freeze Edmund.
Edmund misses you.
Unknown command.
You hit Edmund but do no damage. Edmund barely misses you.
Aim: Edmund, wielding a dire flail of pain and wearing a chain mail (severely You freeze Edmund.
Edmund closely misses you.
Unknown command.
You barely miss Edmund. You hit Edmund but do no damage.
Edmund says, "People accused me of being a cutpurse!"
Edmund hits you with a dire flail of pain.
* * * LOW HITPOINT WARNING * * *
You hit Edmund but do no damage.
Edmund hits you with a dire flail of pain.
* * * LOW HITPOINT WARNING * * *
You hit Edmund but do no damage.
Edmund hits you with a dire flail of pain.
You die...

#.# ####.# . ..#.# #%
#.#.# .# ##.
#####.#.##.## ....
#...........# .....
#.#...♣...#.#
......##....♣.♣....# ###
.....?@@...♣.♣.♣...# #<.
......##..♣.♣.♣.♣..# #>.
.........♣.♣._.♣.♣.# #..
..........♣.♣.♣.♣..# #..
##<.(......♣.♣.♣...###..
##...#.....♣.♣.....##..
##.###.#...♣...#..##..
#####............##..
#..................


You could see Edmund.

Vanquished Creatures
  7 gnolls
  8 adders
  2 worms (D:3)
  2 dart slugs (D:2)
  2 leopard geckos
  5 orcs (D:3)
  3 giant cockroaches
  8 goblins
  7 hobgoblins
  5 kobolds
  3 quokkas
  3 bats
  5 frilled lizards
  9 rats
69 creatures vanquished.

Notes
Turn   | Place    | Note
-------+----------+-------------------------------------------
     0 | D:1      | MalarOregon the Merfolk Ice Elementalist began the quest
                  | for the Orb.
     0 | D:1      | Reached XP level 1. HP: 13/13 MP: 3/3
   211 | D:1      | Reached skill level 3 in Dodging
   211 | D:1      | Reached XP level 2. HP: 20/20 MP: 5/5
   726 | D:1      | You fall through a shaft!
   733 | D:2      | Reached skill level 1 in Fighting
   891 | D:2      | Reached XP level 3. HP: 26/26 MP: 2/6
  1440 | D:2      | Reached skill level 1 in Armour
  1788 | D:3      | Reached XP level 4. HP: 27/33 MP: 0/7
  2036 | D:3      | Reached skill level 4 in Dodging
  2051 | D:3      | Learned a level 2 spell: Throw Frost
  2304 | D:3      | Reached XP level 5. HP: 18/38 MP: 5/8
  2781 | D:2      | Reached skill level 1 in Polearms
  3216 | D:3      | Learned a level 4 spell: Throw Icicle
  3750 | D:4      | Found an iron altar of Okawaru.
  3784 | D:4      | Noticed Edmund
  3803 | D:4      | Slain by Edmund

Skill      XL: |  1  2  3  4  5 |
---------------+----------------+-----
Dodging        | 3 4 |  4.5
Fighting       | 1 2 |  2.6
Armour         | 1 |  1.6
Polearms       | 1 |  1.9
Stealth        | |  2.1
Spellcasting   | |  2.5
Conjurations   | |  0.8
Ice Magic      | |  3.8

Action                   |  1- 3 |  4- 6 || total
-------------------------+-------+-------++-------
Melee: Club              |    11 |       ||    11
       Unarmed           |     1 |       ||     1
       Short sword       |    39 |    11 ||    50
       Dagger            |     1 |       ||     1
       Spear             |       |    87 ||    87
       Tailslap          |       |     1 ||     1
 Cast: Freeze            |    33 |    55 ||    88
 Stab: Sleeping          |    13 |     3 ||    16
  Eat: Chunk             |     3 |     7 ||    10
Armor: Robe              |     4 |       ||     4
       Leather armour    |     7 |    22 ||    29
Dodge: Dodged            |    31 |    87 ||   118
